 Dungeon Crawl Stone Soup version 0.27-a0-1136-g0b992a5a9d (webtiles) character file.

Game seed: 9475105810015537357

757 voltaire321 the Covert (level 7, -1/49 HPs)
             Began as an Octopode Delver on May 4, 2021.
             Slain by a sky beast (5 damage)
             ... on level 6 of the Dungeon.
             The game lasted 00:11:15 (4783 turns).

voltaire321 the Covert (Octopode Delver)            Turns: 4783, Time: 00:11:16

Health: -1/49      AC:  1    Str: 12    XL:     7   Next: 79%
Magic:  7/7        EV: 14    Int: 12    God:
Gold:   154        SH:  0    Dex: 15    Spells: 6/6 levels left

rFire    . . .     SeeInvis .   a - +2 short sword (flame)
rCold    . . .     Faith    .   (no shield)
rNeg     . . .     Spirit   .   (helmet restricted)
rPois    .         Reflect  .   (no amulet)
rElec    .         Harm     .   l - ring of wizardry
rCorr    +         Rampage  .   r - ring of resist corrosion
Will     .....                  (no ring)
Stlth    +++++.....             (no ring)
HPRegen  0.16/turn              (no ring)
MPRegen  0.10/turn              (no ring)
                                (no ring)
                                (no ring)

@: no status effects
A: almost no armour, amphibious, 8 rings, camouflage 1, gelatinous body 1,
(nimble swimmer 1), tentacles
a: no special abilities


You were on level 6 of the Dungeon.
You visited 1 branch of the dungeon, and saw 6 of its levels.
You also visited: Sewer.

You collected 154 gold pieces.

Inventory:

Hand Weapons
 a - a +2 short sword of flaming (weapon)
Missiles
 g - 33 poisoned darts (quivered)
Jewellery
 l - a ring of wizardry (left tentacle)
 r - a ring of resist corrosion (right tentacle)
Wands
 f - a wand of digging (3)
 m - a wand of polymorph (6)
Scrolls
 b - a scroll of fog
 d - a scroll of fear
 j - 2 scrolls of enchant weapon {unknown}
 p - 3 scrolls of immolation {unknown}
 q - 2 scrolls of identify {unknown}
 t - a scroll of noise {unknown}
Potions
 c - a potion of magic {unknown}
 e - 2 potions of haste
 h - a potion of might {unknown}
 i - a potion of curing {unknown}
 k - a potion of heal wounds
 n - 3 potions of cancellation {unknown}
 o - a potion of flight {unknown}
 s - 2 potions of degeneration {unknown}


   Skills:
 + Level 4.8 Fighting
 + Level 4.1 Short Blades
 + Level 3.3 Throwing
 + Level 4.2 Dodging
 + Level 8.6 Stealth


You had 6 spell levels left.
You didn't know any spells.
Your spell library was empty.

Dungeon Overview and Level Annotations

Branches:
Dungeon (5/15)              Sewer (visited)
 Temple: D:4-7

Altars:
Kikubaaqudgha
Nemelex Xobeh
Wu Jian


Innate Abilities, Weirdness & Mutations

You cannot wear most types of armour.
You are amphibious.
You can wear up to eight rings at the same time.
Your skin changes colour to match your surroundings (Stealth+).
Your rubbery body absorbs attacks. (AC +1, EV +1)
((You are camouflaged near water. (Stealth+)))
You have tentacles for arms and can constrict up to eight enemies at once.


Message History

HP restored.
Things that are here:
a +0 dagger; a +0 robe
Things that are here:
a +0 dagger; a +0 robe; a +0 war axe You fall into a shaft and drop 2 floors!
The shaft crumbles and collapses.
Found 42 gold pieces.
Found two altars.
There is a fountain of clear blue water here.
You open the door.
There is an open door here.
A sky beast comes into view.
The sky beast flickers out of sight!
Deactivating autopickup; reactivate with Ctrl-A.
A sky beast appears from thin air!
Reactivating autopickup.
The sky beast hits you but does no damage.
You hit the sky beast but do no damage. The sky beast hits you.
The sky beast shocks you.
You closely miss the sky beast. Your squeeze misses the sky beast.
The sky beast flickers out of sight!
Deactivating autopickup; reactivate with Ctrl-A.
Something hits you but does no damage.
You hit something. You burn something. You squeeze something!
Something hits you. Something shocks you.
You hit something. You burn something. You hit something but do no damage.
Your squeeze misses something. Something hits you but does no damage.
You barely miss something. You squeeze something. Something hits you.
Something shocks you.
You hit something. You burn something. Something hits you.
Something shocks you.
You miss something. Something hits you.
* * * LOW HITPOINT WARNING * * *
Something shocks you.
* * * LOW HITPOINT WARNING * * *
You miss something. Something hits you.
* * * LOW HITPOINT WARNING * * *
Something shocks you.
You die...

#### ...# ...#
####...#
#...... #....#
.. #...###....
##{........
#@#.##########
##..#........#
#..'⌠......⌠+
##.#.._.._..#
#..#⌠......⌠#
#..##########
#..# $$$# #..#
...J# #...
...##


There were no monsters in sight!

Vanquished Creatures
  3 kobold brigands (Sewer)
  A scorpion (D:4)
  A hound (D:4)
  Terence (D:2)
  An iguana (D:4)
  3 orc wizards (D:4)
  12 adders
  6 gnolls
  4 river rats
  4 worms (Sewer)
  6 dart slugs
  11 orcs
  6 bats (D:2)
  8 endoplasms
  5 giant cockroaches
  5 goblins
  6 hobgoblins
  4 quokkas
  9 ball pythons
  4 frilled lizards
  11 kobolds
  10 rats
121 creatures vanquished.

Notes
Turn   | Place    | Note
-------+----------+-------------------------------------------
     0 | D:5      | voltaire321 the Octopode Delver began the quest for the
                  | Orb.
     0 | D:5      | Reached XP level 1. HP: 16/16 MP: 1/1
    47 | D:4      | Noticed a scorpion
    51 | D:4      | Killed a scorpion
    52 | D:4      | Reached skill level 1 in Throwing
    52 | D:4      | Reached skill level 7 in Stealth
    52 | D:4      | Reached XP level 2. HP: 21/21 MP: 2/2
    52 | D:4      | Reached XP level 3. HP: 26/26 MP: 3/3
    52 | D:4      | Reached XP level 4. HP: 31/31 MP: 4/4
    57 | D:4      | Found a glowing drain.
    89 | Sewer    | Entered a sewer
   311 | Sewer    | Noticed a kobold brigand
   321 | Sewer    | Killed a kobold brigand
   322 | Sewer    | Reached XP level 5. HP: 29/37 MP: 5/5
   556 | Sewer    | Noticed a kobold brigand
   574 | Sewer    | Killed a kobold brigand
   575 | Sewer    | Reached XP level 6. HP: 8/43 MP: 6/6
  1468 | D:4      | Reached skill level 8 in Stealth
  1626 | D:3      | Reached XP level 7. HP: 49/49 MP: 7/7
  1945 | D:2      | Noticed Terence
  1954 | D:2      | Killed Terence
  3368 | D:3      | Found a faded altar of an unknown god.
  3477 | D:3      | Found an ornate altar of the Wu Jian Council.
  4759 | D:4      | You fall into a shaft and drop 2 floors!
  4759 | D:6      | Found an ancient bone altar of Kikubaaqudgha.
  4759 | D:6      | Found a sparkling altar of Nemelex Xobeh.
  4783 | D:6      | Slain by a sky beast

Illustrated notes

Levels and vault maps discovered:
D:1:      wheals_arrival_linesprint, layout_rooms
D:2:      layout_basic, uniq_terence
D:3:      layout_rooms, amcnicky_altar_gilded,
          shapermc_ecumenical_altar_starsandcircs
D:4:      layout_loops_ring, portal_sewer_entry_a, minmay_divided_ellipse
D:5:      layout_cave_pools, lightli_corner_chamber
D:6:      layout_loops_cross, jmf_multi_god_temple,
          minmay_temple_entry_nine_rooms

Skill      XL: |  1  2  3  4  5  6  7 |
---------------+----------------------+-----
Throwing       | 1 2 3 |  3.3
Stealth        | 7 8 |  8.6
Dodging        | 3 4 |  4.2
Short Blades   | 3 4 |  4.1
Fighting       | 4 |  4.8

Action                   |  1- 3 |  4- 6 |  7- 9 || total
-------------------------+-------+-------+-------++-------
Melee: Short sword       |     3 |    90 |   146 ||   239
       Constrict         |     1 |    14 |    37 ||    52
       Tentacles         |     1 |    12 |    30 ||    43
       Dagger            |       |       |    22 ||    22
  Use: Scroll            |     1 |       |       ||     1
       Potion            |       |     1 |       ||     1
 Stab: Sleeping          |     1 |    20 |    24 ||    45
Armor: Skin              |       |     2 |     7 ||     9
Dodge: Dodged            |     2 |    37 |    82 ||   121

Table legend: (Time is in decaauts)
 A = Elapsed time spent in this place.
 B = Non-inter-level travel time spent in this place.
 C = Inter-level travel time spent in this place.
 D = Time resting spent in this place.
 E = Time spent auto-exploring this place.
 F = Levels seen in this place.
 G = Mean time per level.
                   A        B        C        D        E       F      G
               +--------+--------+--------+--------+--------+-----+--------+
         Total |   4760 |   4548 |    212 |   1316 |   2216 |   7 |  680.0 |
       Dungeon |   3461 |   3249 |    212 |    839 |   1655 |   6 |  576.8 |
         Sewer |   1298 |   1298 |      0 |    477 |    561 |   1 | 1298.0 |
               +--------+--------+--------+--------+--------+-----+--------+

Top non-repeatable levels by time:
   Sewer: 1298 daAuts
     D:4: 974 daAuts
     D:2: 880 daAuts
     D:3: 854 daAuts
     D:1: 691 daAuts
     D:5: 37 daAuts
     D:6: 22 daAuts
